 Dungeon Crawl Stone Soup version 0.23-a0-183-gf37f6fb109 (webtiles) character file.

889 Banto the Spear-Bearer (level 7, -1/50 HPs)
             Began as a Demonspawn Gladiator on Sept 21, 2018.
             Slain by an orc warrior
             ... wielding a +2 antimagic scimitar
              (18 damage)
             ... on level 4 of the Dungeon.
             The game lasted 00:06:54 (4719 turns).

Banto the Spear-Bearer (Demonspawn Gladiator)       Turns: 4719, Time: 00:06:55

Health: -1/50      AC:  9    Str: 16    XL:     7   Next: 77%
Magic:  0/7        EV: 12    Int:  9    God:
Gold:   206        SH:  0    Dex: 15    Spells: 6/6 levels left

rFire    + . .     SeeInvis .   a - +0 trident
rCold    . . .     Gourm    .   (no shield)
rNeg     . . .     Faith    .   j - +1 ring mail {rF+}
rPois    .         Spirit   .   c - +0 helmet
rElec    .         Reflect  .   h - +0 cloak
rCorr    .         Harm     .   n - +0 pair of gloves
MR       .....                  (no boots)
Stlth    ++........             (no amulet)
HPRegen  0.16/turn              t - +1 ring of slaying
MPRegen  0.10/turn              (no ring)

@: no status effects
A: nightstalker 1
a: no special abilities


You were on level 4 of the Dungeon.
You were not hungry.

You visited 1 branch of the dungeon, and saw 4 of its levels.
You also visited: Sewer.

You collected 278 gold pieces.
You spent 72 gold pieces at shops.

Inventory:

Hand Weapons
 a - a +0 trident (weapon)
Missiles
 d - 4 throwing nets (quivered)
Armour
 b - a +0 leather armour
 c - a +0 helmet (worn)
 h - a +0 cloak (worn)
 j - a +1 ring mail of fire resistance (worn)
 n - a +0 pair of gloves (worn)
Jewellery
 p - an uncursed ring of fire
 t - a +1 ring of slaying (left hand)
Scrolls
 i - 2 scrolls of amnesia
 k - 3 scrolls of teleportation
 m - 5 scrolls of remove curse
 v - 2 scrolls of identify
Potions
 e - 4 potions of curing {unknown}
 g - a potion of cancellation
 l - 2 potions of haste {unknown}
 o - 2 potions of flight
 q - 2 potions of heal wounds
 r - a potion of brilliance {unknown}
 u - 6 potions of agility
Comestibles
 f - 5 rations


   Skills:
 - Level 2.0 Fighting
 + Level 8.6 Polearms
 - Level 1.7 Throwing
 - Level 2.6 Dodging


You had 6 spell levels left.
You didn't know any spells.
Your spell library was empty.

Dungeon Overview and Level Annotations

Branches:
Dungeon (4/15)
 Temple: D:4-7

Altars:
Wu Jian

Shops:
D:4 =

Annotations:
D:4 1 transporter, runewalsh's ghost, amateur OpWz


Innate Abilities, Weirdness & Mutations

You are slightly more attuned to the shadows.


Message History

You feel your power leaking away.
You take 7 damage, and have 43/50 hp.
You now have 5/7 mp.
You hit the orc warrior.
The orc warrior is lightly wounded.
The orc warrior hits you with an antimagic scimitar.
You feel your power leaking away.
You take 5 damage, and have 38/50 hp.
You now have 3/7 mp.
You hit the orc warrior but do no damage.
The orc warrior is lightly wounded.
You closely miss the orc warrior.
The orc warrior is lightly wounded.
The orc warrior hits you with an antimagic scimitar!!
You feel your power leaking away.
You hear a shout!
You take 21 damage, and have 17/50 hp.
MASSIVE DAMAGE!!
You now have 0/7 mp.
You are too injured to fight recklessly!
You closely miss the orc warrior.
The orc warrior is lightly wounded.
The orc warrior hits you with an antimagic scimitar!!
You die...

#≈*#≈≈≈≈≈#*.#,* #.#
*,,.......≈,.,* #.#
**######.##**** #.# #.*
#.# #.* #.#
********####.#* #.#
,,,,,,,,,.....* #.#
***********#o.#########.#
#...o@..)....# *
#.############ *
******#,* * *,,,,,,,* *
*,******* ******,*
,,,>,,,* ********


You could see an orc warrior and an orc.

Vanquished Creatures
  Grinder (D:4)
  3 big kobolds (Sewer)
  A jelly (D:2)
  An orc priest (D:4)
  2 orc wizards
  An iguana (D:4)
  7 gnolls
  7 adders
  A river rat (D:4)
  5 oozes
  An adder skeleton (D:4)
  7 worms
  2 dart slugs
  2 leopard geckos (D:1)
  16 orcs
  6 ball pythons
  4 giant cockroaches
  5 goblins
  7 hobgoblins
  15 jackals
  A quokka (D:4)
  15 bats
  4 frilled lizards
  20 kobolds
  10 rats
144 creatures vanquished.

Notes
Turn   | Place    | Note
-------+----------+-------------------------------------------
     0 | D:1      | Banto the Demonspawn Gladiator began the quest for the Orb.
     0 | D:1      | Reached XP level 1. HP: 16/16 MP: 1/1
    49 | D:1      | Reached skill level 3 in Polearms
    74 | D:1      | Gained mutation: You are slightly more attuned to the
                  | shadows. [demonic ancestry]
    74 | D:1      | Reached XP level 2. HP: 19/22 MP: 2/2
   550 | D:1      | Reached XP level 3. HP: 10/27 MP: 3/3
   754 | D:1      | Reached skill level 4 in Polearms
   867 | D:2      | Reached XP level 4. HP: 16/33 MP: 4/4
   891 | D:2      | HP: 1/33 [adder (1)]
  1049 | D:2      | Reached skill level 5 in Polearms
  1106 | D:2      | Found an ornate altar of the Wu Jian Council.
  1234 | D:2      | Reached XP level 5. HP: 22/38 MP: 5/5
  2086 | D:3      | Reached skill level 6 in Polearms
  2357 | D:3      | Found a faded altar of an unknown god.
  2495 | D:3      | Reached XP level 6. HP: 18/44 MP: 6/6
  3136 | D:4      | HP: 2/44 [adder (3)]
  3166 | D:4      | Found a glowing drain.
  3211 | Sewer    | Entered a sewer
  3436 | Sewer    | Reached skill level 7 in Polearms
  3452 | Sewer    | Reached XP level 7. HP: 25/50 MP: 7/7
  4063 | D:4      | Noticed Grinder
  4088 | D:4      | Killed Grinder
  4088 | D:4      | Reached skill level 8 in Polearms
  4368 | D:4      | Noticed runewalsh's ghost (amateur OpWz)
  4369 | D:4      | Found a transporter.
  4385 | D:4      | Found Enwuor's Jewellery Emporium.
  4392 | D:4      | Bought a +1 ring of slaying for 72 gold pieces
  4719 | D:4      | Slain by an orc warrior

Vault maps used:
D:1:      dpeg_arrival_chambers_temple_mockup, hangedman_decor_growths
D:2:      marbit_many_paths
D:3:      chequers_ecumenical_altar_grove
D:4:      gammafunk_ghost_smash, cheibrodos_sewer_entry_sluice, first_ration,
          serial_shops, shop, uniq_grinder
Sewer:    kennysheep_pipe_town

Skill      XL: |  1  2  3  4  5  6  7 |
---------------+----------------------+-----
Polearms       | 3 4 5 6 7 8 |  8.6
Fighting       | |  2.0
Throwing       | |  1.7
Dodging        | |  2.6

Action                   |  1- 3 |  4- 6 |  7- 9 || total
-------------------------+-------+-------+-------++-------
Melee: Trident           |   100 |   364 |   152 ||   616
       Short sword       |    18 |       |       ||    18
  Use: Scroll            |     2 |     8 |     2 ||    12
       Potion            |       |     2 |       ||     2
 Stab: Sleeping          |     2 |     7 |     1 ||    10
  Eat: Chunk             |       |     9 |     4 ||    13
Armor: Leather armour    |    53 |   101 |       ||   154
       Ring mail         |       |    13 |    40 ||    53
Dodge: Dodged            |    79 |   252 |    62 ||   393

Table legend:
 A = Non-vault XP
 B = Vault XP
 C = Vault XP percentage of total XP
 D = Non-vault monster count
 E = Vault monster count
 F = Vault count percentage of total count
                 A         B        C        D         E       F
            +---------+---------+-------+---------+---------+-------
      Total |     624 |     647 |  50.9 |     115 |      29 |  20.1
            +---------+---------+-------+---------+---------+-------
        D:1 |      53 |       0 |   0.0 |      26 |       0 |   0.0
        D:2 |     205 |       1 |   0.5 |      35 |       1 |   2.8
        D:3 |     167 |       0 |   0.0 |      30 |       0 |   0.0
        D:4 |     199 |     305 |  60.5 |      24 |       4 |  14.3
      Sewer |       0 |     341 | 100.0 |       0 |      24 | 100.0
            +---------+---------+-------+---------+---------+-------

Table legend:
 A = Turns spent in this place as a percentage of turns spent in the entire game.
 B = Non-inter-level travel turns spent in this place as a percentage of non-inter-level travel turns spent in the entire game.
 C = Inter-level travel turns spent in this place as a percentage of turns spent in this place.
 D = Turns resting spent in this place as a percentage of non-inter-level travel turns spent in this place.
 E = Turns spent auto-exploring this place as a percentage of non-inter-level travel turns spent in this place.
 F = Non-inter-level travel turns spent in this place divided by the number of levels of this place that you've seen.
                   A       B       C       D       E      F
               +-------+-------+-------+-------+-------+----------------------
         Total | 100.0 | 100.0 |   2.2 |  31.6 |  40.1 | 923.2
       Dungeon |  86.3 |  86.0 |   2.5 |  28.9 |  43.8 | 992.8
         Sewer |  13.7 |  14.0 |   0.0 |  48.2 |  17.2 | 645.0
               +-------+-------+-------+-------+-------+----------------------

Table legend:
 A = Kills in this place as a percentage of kills in entire the game.
 B = Kills by you in this place as a percentage of kills by you in the entire game.
 C = Kills by friends in this place as a percentage of kills by friends in the entire game.
 D = Other kills in this place as a percentage of other kills in the entire game.
 E = Experience gained in this place as a percentage of experience gained in the entire game.
 F = Experience gained in this place divided by the number of levels of this place that you have seen.
                   A       B       C       D       E      F
               +-------+-------+-------+-------+-------+----------------------
         Total | 100.0 | 100.0 |   N/A |   N/A | 100.0 | 254.2
       Dungeon |  83.3 |  83.3 |   N/A |   N/A |  73.2 | 232.5
         Sewer |  16.7 |  16.7 |   N/A |   N/A |  26.8 | 341.0
               +-------+-------+-------+-------+-------+----------------------
